 Dungeon Crawl Stone Soup version 0.29.1-15-g9cfb28693d (webtiles) character file.

Game seed: 2439358222542474799

41 Artool the Trooper (level 3, -1/29 HPs)
             Began as a Demonspawn Fighter on Apr 11, 2023.
             Slain by Natasha (5 damage)
             ... on level 2 of the Dungeon.
             The game lasted 00:01:50 (1137 turns).

Artool the Trooper (Demonspawn Fighter)             Turns: 1137, Time: 00:01:50

Health: -1/29      AC:  7    Str: 18    XL:     3   Next: 32%
Magic:  3/3        EV:  9    Int:  9    God:
Gold:   38         SH:  4    Dex: 12    Spells: 2/2 levels left

rFire   . . .      SeeInvis .   h - +0 whip
rCold   . . .      Faith    .   c - +0 buckler
rNeg    . . .      Spirit   .   b - +0 scale mail
rPois   .          Reflect  .   (no helmet)
rElec   .          Harm     .   m - +0 cloak
rCorr   .          Rampage  .   (no gloves)
Will    .....                   (no boots)
Stlth   ..........              (no amulet)
HPRegen 0.09/turn               (no ring)
MPRegen 0.08/turn               (no ring)

@: slowed, very slow
A: hooves 1
a: no special abilities


You were on level 2 of the Dungeon.
You visited 1 branch of the dungeon, and saw 2 of its levels.

You collected 38 gold pieces.

Inventory:

Hand Weapons
 a - a +0 flail
 h - a +0 whip (weapon)
Missiles
 g - 3 poisoned darts (quivered)
Armour
 b - a +0 scale mail (worn)
 c - a +0 buckler (worn)
 m - a +0 cloak (worn)
Scrolls
 e - a scroll of acquirement {unknown}
 f - a scroll of torment {unknown}
 j - a scroll of vulnerability {unknown}
 k - 2 scrolls of identify {unknown}
 l - a scroll of magic mapping {unknown}
Potions
 d - a potion of might
 i - 2 potions of curing {unknown}


   Skills:
 + Level 3.4 Fighting
 + Level 2.3 Maces & Flails
 + Level 3.1 Armour
 - Level 3.0 Shields


You had 2 spell levels left.
You didn't know any spells.
Your spell library was empty.

Dungeon Overview and Level Annotations

Branches:
Dungeon (2/15)

Altars:

Shops:
D:1 (

Annotations:
D:2 Jessica, Natasha


Innate Abilities, Weirdness & Mutations

You have large cloven feet.


Message History

Found a stone staircase leading down.
No target in view!
Found a stone staircase leading up.
No target in view!
A frilled lizard comes into view.
Found a club.
The frilled lizard hisses angrily.
You hit the frilled lizard.
You kill the frilled lizard!
No target in view!
Found a club.
No target in view!
Natasha, Servant of Life and Death comes into view.
Natasha drinks a potion.
Natasha seems to speed up.
Found a helmet.
Natasha is nearby!
Jessica the Apprentice Sorceress comes into view.
She is wielding a +0 dagger.
Found a book of Lightning.
Jessica shouts!
Natasha stares at you and mumbles some strange words.
The magic dart hits you! Natasha casts a spell at you. The magic dart hits you.
Natasha wildly gestures.
You feel disoriented.
Natasha casts a spell.
There are monsters nearby!
You barely miss Natasha. Natasha casts a spell at you.
You resist with significant effort. Natasha claws you!
You closely miss Natasha. You block Natasha's attack.
You closely miss Natasha. You kick Natasha.
Natasha is moderately wounded.
Natasha casts a spell at you.
You feel yourself slow down. Natasha claws you.
* * * LOW HITPOINT WARNING * * *
You barely miss Natasha. You kick Natasha.
Natasha is heavily wounded.
Natasha claws you.
You die...

## #... #. ..##
##.###..## #
......... .
#####..#...###### #
.......#......... ..
#......##)..########
#.
+..(..5h@...........
.
#.....@####..######
#......# ##.# #
#......# #.## #.
#......# #..# #. #.
#.[....# ##.###
#..#. #......# #...#
#..#. #.....:#
###.#####....
#..........


You could see Natasha (fast), a shadow imp (summoned) and Jessica.

Vanquished Creatures
  4 bats (D:1)
  An endoplasm (D:1)
  3 giant cockroaches
  2 goblins (D:1)
  2 hobgoblins (D:1)
  4 jackals (D:1)
  A quokka (D:1)
  8 ball pythons (D:1)
  A frilled lizard (D:2)
  5 kobolds (D:1)
  4 rats (D:1)
35 creatures vanquished.

Vanquished Creatures (others)
  4 toadstools (D:1)
4 creatures vanquished.

Grand Total: 39 creatures vanquished

Notes
Turn   | Place    | Note
-------+----------+-------------------------------------------
     0 | D:1      | Artool the Demonspawn Fighter began the quest for the Orb.
     0 | D:1      | Reached XP level 1. HP: 18/18 MP: 1/1
    88 | D:1      | Found Meguh's Antique Weapon Boutique.
   177 | D:1      | Gained mutation: You have large cloven feet. [demonic
                  | ancestry]
   177 | D:1      | Reached XP level 2. HP: 24/24 MP: 2/2
   560 | D:1      | Reached XP level 3. HP: 25/29 MP: 3/3
   629 | D:1      | Found a faded altar of an unknown god.
  1128 | D:2      | Noticed Natasha
  1130 | D:2      | Noticed Jessica
  1137 | D:2      | Slain by Natasha

Illustrated notes

Levels and vault maps discovered:
D:1:      ldierk_walled_garden_2, layout_loops_ring,
          nicolae_ecumenical_snake_handling, serial_shops, shop_statue,
          kennysheep_boxes
D:2:      layout_basic, uniq_jessica, uniq_natasha

Skill      XL: |  1  2 |
---------------+-------+-----
Maces & Flails | 2 |  2.3
Shields        | 3 |  3.0
Armour         | 3 |  3.1
Fighting       | |  3.4

Action                   || total
-------------------------++-------
Melee: Flail             ||    39
       Whip              ||    42
       Kick              ||    15
Armor: Scale mail        ||    36
Dodge: Dodged            ||    46
Block: Buckler           ||    28
